AoeStats
← Tingus Pingus

Arabia

509793804Analyzed
1v1 RM · 4d ago on Sep 28, 2026· 51m 17s· 2 players
Game mode
Random Map
Map size
Tiny (2 player)
Population
200
Speed
Normal
Resources
Standard
Victory
Conquest
Starting age
Dark Age
Ending age
Imperial Age
RankedLock teamsTeams togetherTeam positionsShared explorationLock speedFull tech treeHidden civsTurbo modeCheats
Victory
Defeat
🇨🇦 Magyars · Canada
1093
+17
🇨🇱 Goths · Chile
1118
-17
Tingus Pingus
7:12 Loom
9:42 Feudal Age
10:49 Double-Bit Axe
11:50 Horse Collar
20:18 Gold Mining
21:25 Bloodlines
24:26 Castle Age
23:12 Fletching
25:14 Scale Barding Armor
25:06 Bodkin Arrow
26:04 Padded Archer Armor
26:07 Elite Skirmisher
28:30 Husbandry
33:40 Bow Saw
36:28 Chain Barding Armor
36:51 Heavy Plow
42:42 Imperial Age
41:31 Corvinian Army
42:09 Wheelbarrow
42:11 Leather Archer Armor
42:04 Herbal Medicine
42:23 Stone Mining
43:08 Gold Shaft Mining
43:26 Ballistics
43:33 Hand Cart
43:03 Town Watch
42:45 Cavalier
44:18 Plate Barding Armor
44:12 Conscription
46:55 Siege Engineers
46:46 Murder Holes
47:53 Chemistry
46:33 Light Cavalry
47:16 Bracer
47:30 Paladin
49:25 Treadmill Crane
51:09 Hussar
Joven Coco
7:39 Loom
10:15 Feudal Age
10:26 Man-at-Arms
11:02 Double-Bit Axe
13:17 Horse Collar
16:51 Fletching
21:15 Wheelbarrow
24:48 Castle Age
23:28 Padded Archer Armor
24:44 Gold Mining
25:27 Scale Mail Armor
25:38 Forging
25:32 Bodkin Arrow
25:05 Crossbowman
27:40 Leather Archer Armor
32:02 Scale Mail Armor
32:12 Forging
33:10 Bow Saw
33:49 Squires
39:06 Town Watch
41:04 Chain Mail Armor
41:31 Heavy Plow
43:57 Iron Casting
44:06 Hand Cart
48:15 Imperial Age
46:08 Masonry
45:49 Pikeman
47:44 Anarchy
48:50 Halberdier
50:53 Blast Furnace
Connection lost

Rejoining the realm…

Still unreachable

The connection could not be restored.

Session expired

The server has moved on; the page needs a fresh start.